 Dungeon Crawl Stone Soup version 0.19.0-19-g8c6edcc (webtiles) character file.

264 Leibowitz the Poker (level 6, 0/72 HPs)
             Began as a Merfolk Berserker on Nov 13, 2016.
             Was a Priest of Trog.
             Slain by an orc warrior
             ... wielding a +0 short sword of freezing
              (6 damage)
             ... on level 4 of the Dungeon.
             The game lasted 00:07:43 (3640 turns).

Leibowitz the Poker (Merfolk Berserker)             Turns: 3640, Time: 00:07:43

Health: 0/72       AC:  8    Str: 22    XL:     6   Next: 19%
Magic:  6/6        EV: 13    Int:  6    God:    Trog [***...]
Gold:   163        SH:  0    Dex: 16    Spells: 0 memorised, 5 levels left

rFire  . . .     SeeInvis .     a - +0 trident
rCold  . . .     Gourm    .     p - +0 leather armour
rNeg   . . .     Faith    .     (no shield)
rPois  .         Spirit   .     k - +2 hat
rElec  .         Reflect  .     (no cloak)
rCorr  .         Harm     .     (no gloves)
MR     .....                    t - +2 pair of boots
Stlth  ..........               (no amulet)
                                (no ring)
                                (no ring)

@: berserking, heavily drained, very quick
A: change form in water, swift swim, stealthy swim
a: Berserk, Trog's Hand, Burn Spellbooks, Renounce Religion


You were on level 4 of the Dungeon.
You worshipped Trog.
Trog was most pleased with you.
You were hungry.

You visited 1 branch of the dungeon, and saw 4 of its levels.

You collected 163 gold pieces.

Inventory:

Hand Weapons
 a - a +0 trident (weapon)
 s - a +0 spear
Missiles
 m - 11 poisoned needles
Armour
 k - a +2 hat (worn)
 p - a +0 leather armour (worn)
 t - a +2 pair of boots (worn)
Wands
 o - a wand of confusion (5/48)
Scrolls
 b - a scroll of noise {unknown}
 e - 2 scrolls of identify {unknown}
 g - a scroll of teleportation {unknown}
 h - a scroll of immolation {unknown}
 i - a scroll of fear {unknown}
 q - a scroll of random uselessness {unknown}
 r - a scroll of enchant weapon {unknown}
Potions
 d - a potion of invisibility {unknown}
 f - 2 potions of curing {unknown}
 l - a potion of flight {unknown}
 v - a potion of brilliance {unknown}
Comestibles
 c - 2 bread rations
 j - 4 fruits
 n - 2 meat rations


   Skills:
 + Level 4.2(3.0) Fighting
 + Level 7.0(5.7) Polearms
 + Level 2.1(1.0) Armour
 + Level 4.2(3.0) Dodging
 + Level 2.0(0.9) Stealth


You had 5 spell levels left.
You didn't know any spells.

Dungeon Overview and Level Annotations

Branches:
Dungeon (4/15)
 Temple: D:4-7

Altars:


Message History

An orc comes into view.
You closely miss the orc warrior.
The orc warrior is lightly wounded.
The orc warrior hits you with a short sword of freezing!
The orc warrior freezes you.
A red film seems to cover your vision as you go berserk!
You feel yourself moving faster!
You feel mighty!
You are feeling hungry.
The orc warrior hits you but does no damage.
You hit the orc warrior.
The orc warrior is lightly wounded.
The orc warrior hits you with a short sword of freezing!
The orc warrior freezes you.
* * * LOW HITPOINT WARNING * * *
You hit the orc warrior.
The orc warrior is moderately wounded.
The orc warrior hits you with a short sword of freezing!
* * * LOW HITPOINT WARNING * * *
The orc warrior freezes you.
You die...

### #### #.. ..# #.#
#.# #.# #.#####
##### #.# #......
......#####.#
#.####<
.....oo@.##.# #.# #.
########.##.######.#
#. #..........<# #.
#.#########.####.
#.# ####.....[ #.#
#......... #.#
#.##.##### ..# # #.#
.># ..#


You could see an orc warrior and an orc.

Vanquished Creatures
  A howler monkey (D:4)
  3 orc wizards
  Robin (D:1)
  3 adders
  2 oozes (D:2)
  A worm (D:3)
  2 leopard geckos
  9 orcs
  2 ball pythons
  A giant cockroach (D:3)
  14 goblins
  8 hobgoblins
  11 jackals
  A quokka (D:2)
  7 bats
  7 frilled lizards
  3 kobolds
  A quokka skeleton (D:4)
  14 rats
91 creatures vanquished.

Notes
Turn   | Place    | Note
-------+----------+-------------------------------------------
     0 | D:1      | Leibowitz the Merfolk Berserker began the quest for the Orb.
     0 | D:1      | Reached XP level 1. HP: 18/18 MP: 1/1
   238 | D:1      | Reached XP level 2. HP: 13/24 MP: 2/2
   255 | D:1      | Reached skill level 5 in Polearms
   934 | D:2      | Reached XP level 3. HP: 30/30 MP: 3/3
   940 | D:2      | Reached ** piety under Trog
  1013 | D:2      | Noticed Robin
  1031 | D:1      | Killed Robin
  1453 | D:2      | Reached XP level 4. HP: 32/37 MP: 4/4
  1649 | D:2      | Reached skill level 6 in Polearms
  1673 | D:2      | Reached skill level 1 in Stealth
  2119 | D:3      | Reached *** piety under Trog
  2325 | D:3      | Reached XP level 5. HP: 37/42 MP: 5/5
  3357 | D:4      | Reached XP level 6. HP: 48/48 MP: 6/6
  3374 | D:4      | Reached skill level 7 in Polearms
  3631 | D:4      | Noticed an orc warrior
  3640 | D:4      | Slain by an orc warrior

Skill      XL: |  1  2  3  4  5  6 |
---------------+-------------------+-----
Polearms       | 5 6 7 |  7.0
Dodging        | 3 4 |  4.2
Stealth        | 1 2 |  2.0
Fighting       | 4 |  4.2
Armour         | 2 |  2.1

Action                   |  1- 3 |  4- 6 || total
-------------------------+-------+-------++-------
Melee: Spear             |   133 |   172 ||   305
       Trident           |       |    49 ||    49
Invok: Berserk           |       |     2 ||     2
Evoke: Wand              |       |     2 ||     2
 Stab: Sleeping          |     2 |     4 ||     6
       Distracted        |     1 |       ||     1
       Confused          |       |     2 ||     2
  Eat: Chunk             |     2 |     8 ||    10
Armor: Animal skin       |    17 |    10 ||    27
       Leather armour    |       |    40 ||    40
Dodge: Dodged            |    80 |   113 ||   193
